 Dungeon Crawl Stone Soup version 0.30-a0-755-g0b50240ab4 (webtiles) character file.

Game seed: 16070447073750553343

404 M4edhros the Cudgeller (level 6, -3/38 HPs)
             Began as an Octopode Artificer on Feb 9, 2023.
             Was a Follower of Zin.
             Slain by Crazy Yiuf
             ... wielding a +4 quarterstaff of chaos
              (4 damage)
             ... while petrified by Crazy Yiuf
             ... on level 4 of the Dungeon.
             The game lasted 00:04:45 (3432 turns).

M4edhros the Cudgeller (Octopode Artificer)         Turns: 3432, Time: 00:04:46

Health: -3/38      AC:  1    Str: 10    XL:     6   Next: 86%
Magic:  2/6        EV:  2    Int: 13    God:    Zin [*.....]
Gold:   160        SH:  0    Dex: 14    Spells: 5/5 levels left

rFire   . . .      SeeInvis .    h - +5 whip of Exhibitionism {elec, rN++ Str-2}
rCold   . . .      Faith    .    (no shield)
rNeg    + + +      Spirit   .    (helmet restricted)
rPois   ∞          Reflect  .    j - amulet of magic regeneration
rElec   .          Harm     .    (no ring)
rCorr   .          Rampage  .    (no ring)
Will    .....                    (no ring)
Stlth   +++                      (no ring)
HPRegen 0.26/turn                (no ring)
MPRegen 0.50/turn                (no ring)
                                 (no ring)
                                 (no ring)

@: petrified
A: almost no armour, amphibious, 8 rings, camouflage 1, gelatinous body 1,
(nimble swimmer 1), tentacles
a: Renounce Religion, Recite, Donate Gold


You were on level 4 of the Dungeon.
You worshipped Zin.
Zin was aware of your devotion.
You visited 2 branches of the dungeon, and saw 6 of its levels.

You collected 177 gold pieces.
You donated 17 gold pieces to Zin.

Inventory:

Hand Weapons
 h - the +5 whip of Exhibitionism (weapon) {elec, rN++ Str-2}
   (You found it on level 2 of the Dungeon)

   Str:       It affects your strength (-2).
   rN:        It greatly protects you from negative energy.
Missiles
 s - 5 poisoned darts
Jewellery
 j - an amulet of magic regeneration (around mantle)
Wands
 b - a wand of flame (6) (quivered)
 c - a wand of charming (13)
 d - a wand of iceblast (20)
Scrolls
 e - 6 scrolls of identify {unknown}
 f - a scroll of noise {unknown}
 i - 4 scrolls of fear {unknown}
 k - 2 scrolls of amnesia {unknown}
 l - a scroll of immolation {unknown}
 m - a scroll of summoning {unknown}
 o - 2 scrolls of magic mapping {unknown}
 q - a scroll of vulnerability {unknown}
 r - 2 scrolls of teleportation {unknown}
Potions
 a - a potion of haste {unknown}
 g - a potion of might {unknown}
 n - a potion of flight {unknown}
 p - 2 potions of berserk rage
 t - a potion of curing {unknown}
 u - a potion of cancellation {unknown}
 v - a potion of ambrosia {unknown}


   Skills:
 - Level 1.0 Fighting
 + Level 5.4 Maces & Flails
 - Level 2.3 Dodging
 - Level 1.3 Stealth
 - Level 5.3 Evocations


You had 5 spell levels left.
You didn't know any spells.
Your spell library contained the following spells:

 Spells                   Type           Power      Damage    Failure   Level
 Leda's Liquefaction      Hex/Erth       0%         N/A       97%         4
 Alistair's Intoxication  Tmut/Pois      0%         N/A       100%        5
 Lehudib's Crystal Spear  Conj/Erth      0%         10d2      100%        8


Dungeon Overview and Level Annotations

Branches:
Dungeon (5/15)             Temple (1/1) D:5

Altars:
Ashenzari
Elyvilon
Fedhas
Gozag
Kikubaaqudgha
Nemelex Xobeh
Okawaru
Qazlal
Ru
Sif Muna
Trog
Uskayaw
Vehumet
Wu Jian
Yredelemnul
Zin
The Shining One

Annotations:
D:4 Crazy Yiuf


Innate Abilities, Weirdness & Mutations

You cannot wear most types of armour.
You are amphibious.
You can wear up to eight rings at the same time.
Your skin changes colour to match your surroundings (Stealth+).
Your rubbery body absorbs attacks. (AC +1, EV +1)
((You are camouflaged when in or above water. (Stealth+)))
You have tentacles for arms and can constrict up to eight enemies at once.


Message History

There is an open translucent door here.
You hit Crazy Yiuf but do no damage. You grab Crazy Yiuf.
You constrict Crazy Yiuf, but do no damage.
Crazy Yiuf hits you with a +4 quarterstaff of chaos!!
You are slowing down.
Unknown command.
Unknown command.
Unknown command.
Unknown command.
Unknown command.
Unknown command.
Okay, then.
Aiming: Charm
Press: ? - help, Shift-Dir - straight line, f - Crazy Yiuf
Aim: Crazy Yiuf, wielding a +4 quarterstaff of chaos and wearing a +2 cloak of poison resistance (constricted by you, chance to affect: 71%) Crazy Yiuf struggles to resist.
You constrict Crazy Yiuf.
Crazy Yiuf screams, "Sif Muna!
Scoff alas toodlewoodle."
Crazy Yiuf barely misses you.
Crazy Yiuf cries, "Goober!"
Crazy Yiuf hits you with a +4 quarterstaff of chaos!
You feel your power leaking away.
Your limbs are stiffening.
Aiming: Charm
Press: ? - help, Shift-Dir - straight line, f/p - Crazy Yiuf
Aim: Crazy Yiuf, wielding a +4 quarterstaff of chaos and wearing a +2 cloak of poison resistance (lightly wounded, constricted by you, chance to affect: 71%) Crazy Yiuf struggles to resist.
You constrict Crazy Yiuf.
Crazy Yiuf hits you with a +4 quarterstaff of chaos!!
* * * LOW HITPOINT WARNING * * *
You have turned to stone.
You constrict Crazy Yiuf. Crazy Yiuf completely misses you.
You constrict Crazy Yiuf.
Crazy Yiuf hits you with a +4 quarterstaff of chaos!
Zin protects you from harm! Crazy Yiuf freezes you.
* * * LOW HITPOINT WARNING * * *
You constrict Crazy Yiuf.
Crazy Yiuf hits you with a +4 quarterstaff of chaos!
Zin protects you from harm! Crazy Yiuf burns you!
You die...

#.#####
#....#
##...###..
#.# ♣....♣
#.###.....
#.#####
♣.♣.♣♣
##.#.###..
#<....#
♣♣.♣♣
##.####..
#.##.## ♣)♣♣
### ### #...
#.#...# ♣♣.♣
#.## #)##
#.....# ♣)♣♣
#..## ##.##
#.....# ♣♣.♣
#...####...#
#.....# #@#
#...'.......
#.....#
#.g.#
#...####....
####..#
#...# #..##
##... ##.#
#..)# #.##
#.## #####.#
##### ###
#.# #.....#
#.# #.###.#
### ### #.#
#.# #.###.##
#.# #.# #.#
#......#
##.#### #.#


You could see Crazy Yiuf.

Vanquished Creatures
  Edmund (D:4)
  A black bear (D:5)
  An ogre (D:5)
  Terence (D:2)
  2 adders
  3 worms (D:2)
  A dart slug (D:2)
  6 endoplasms
  3 giant cockroaches
  4 goblins
  3 hobgoblins
  3 jackals (D:2)
  9 kobolds
  A quokka (D:1)
  4 ball pythons
  3 bats
  A frilled lizard (D:3)
  2 rats
49 creatures vanquished.

Notes
Turn   | Place    | Note
-------+----------+-------------------------------------------
     0 | D:1      | M4edhros the Octopode Artificer began the quest for the
                  | Orb.
     0 | D:1      | Reached XP level 1. HP: 13/13 MP: 1/1
   175 | D:1      | Reached XP level 2. HP: 13/18 MP: 2/2
   266 | D:1      | Got the Codex of Telluric Permutations
   696 | D:2      | Reached XP level 3. HP: 7/23 MP: 3/3
   795 | D:2      | Noticed Terence
   803 | D:2      | Killed Terence
   804 | D:2      | Reached skill level 5 in Evocations
   861 | D:2      | Reached XP level 4. HP: 28/28 MP: 4/4
   956 | D:2      | Identified the +5 whip of Exhibitionism {elec, rN++ Str-2}
  1084 | D:2      | Reached skill level 1 in Maces & Flails
  1334 | D:4      | Noticed Edmund
  1348 | D:4      | Killed Edmund
  1349 | D:4      | Reached XP level 5. HP: 2/33 MP: 5/5
  1474 | D:4      | Found a runed translucent door.
  1475 | D:4      | Noticed Crazy Yiuf
  2125 | D:5      | Entered Level 5 of the Dungeon
  2146 | D:5      | Noticed a black bear
  2152 | D:5      | Killed a black bear
  2153 | D:5      | Reached XP level 6. HP: 23/38 MP: 6/6
  2240 | D:5      | Reached skill level 5 in Maces & Flails
  2254 | D:5      | Found a staircase to the Ecumenical Temple.
  2301 | Temple   | Entered the Ecumenical Temple
  2491 | Temple   | Became a worshipper of Zin the Law-Giver
  2491 | Temple   | Reached * piety under Zin
  2578 | D:3      | Found a faded altar of an unknown god.
  3431 | D:4      | Zin protects you from harm!
  3431 | D:4      | HP: 1/38 [Crazy Yiuf/+4 quarterstaff of chaos (2)]
  3432 | D:4      | Zin protects you from harm!
  3432 | D:4      | Slain by Crazy Yiuf

Illustrated notes

Levels and vault maps discovered:
D:1:      elethiomel_arrival_shortcut, layout_rooms, st_stairs_3
D:2:      layout_rooms, minmay_pentomino_x4, uniq_terence
D:3:      layout_basic, shapermc_ecumenical_altar_notcrosses
D:4:      layout_loops_corners, uniq_crazy_yiuf_cottage, uniq_edmund
D:5:      layout_basic, cheibrodos_worm_habitat, minmay_temple_entry_arrows
Temple:   bh_familiar_temple

Skill      XL: |  1  2  3  4  5  6 |
---------------+-------------------+-----
Evocations     | 4 5 |  5.3
Maces & Flails | 3 4 5 |  5.4
Fighting       | |  1.0
Dodging        | |  2.3
Stealth        | |  1.3

Action                     |  1- 3 |  4- 6 || total
---------------------------+-------+-------++-------
  Melee: Unarmed           |    62 |    16 ||    78
         Constrict         |    17 |    12 ||    29
         Tentacles         |    17 |    11 ||    28
         Whip              |       |    47 ||    47
         Punch             |       |     2 ||     2
  Evoke: Wand              |       |    11 ||    11
    Use: Potion            |     1 |       ||     1
   Stab: Sleeping          |     4 |     3 ||     7
         Distracted        |     1 |       ||     1
 Armour: Skin              |    10 |     1 ||    11
  Dodge: Dodged            |    34 |    33 ||    67

Table legend: (Time is in decaauts)
 A = Elapsed time spent in this place.
 B = Non-inter-level travel time spent in this place.
 C = Inter-level travel time spent in this place.
 D = Time resting spent in this place.
 E = Time spent auto-exploring this place.
 F = Levels seen in this place.
 G = Mean time per level.
                   A        B        C        D        E       F      G
               +--------+--------+--------+--------+--------+-----+--------+
         Total |   3442 |   3144 |    298 |     78 |   2674 |   6 |  573.7 |
       Dungeon |   3238 |   2966 |    272 |     78 |   2499 |   5 |  647.6 |
        Temple |    204 |    179 |     25 |      0 |    175 |   1 |  204.0 |
               +--------+--------+--------+--------+--------+-----+--------+

Top non-repeatable levels by time:
     D:4: 1093 daAuts
     D:2: 760 daAuts
     D:1: 587 daAuts
     D:3: 570 daAuts
     D:5: 226 daAuts
  Temple: 204 daAuts
